AoeStats
← amaaxime

Runestones

507133446Analyzed
1v1 RM · 16d ago on Sep 16, 2026· 43m 7s· 2 players
Game mode
Random Map
Map size
Tiny (2 player)
Population
200
Speed
Normal
Resources
Standard
Victory
Conquest
Starting age
Dark Age
Ending age
Imperial Age
RankedLock teamsTeams togetherTeam positionsShared explorationLock speedFull tech treeHidden civsTurbo modeCheats
Victory
Defeat
🇵🇹 Franks · Portugal
886
+17
🇫🇷 Franks · France
915
-17
Doninha
5:18 Loom
11:28 Feudal Age
13:38 Double-Bit Axe
19:51 Castle Age
19:19 Forging
19:15 Scale Barding Armor
20:53 Husbandry
22:08 Scale Mail Armor
26:08 Iron Casting
25:54 Chain Barding Armor
26:12 Bow Saw
26:16 Gold Mining
28:33 Chain Barding Armor
29:25 Padded Archer Armor
29:54 Elite Skirmisher
32:13 Chain Mail Armor
31:48 Fletching
33:33 Leather Archer Armor
36:24 Bodkin Arrow
40:03 Imperial Age
40:14 Wheelbarrow
39:25 Town Watch
41:04 Cavalier
42:08 #83
amaaxime
3:48 Loom
10:24 Feudal Age
10:56 Double-Bit Axe
15:51 Fletching
17:21 Padded Archer Armor
23:03 Castle Age
21:27 Gold Mining
23:43 Bodkin Arrow
23:10 Crossbowman
25:14 Forging
28:18 Leather Archer Armor
30:35 Iron Casting
33:17 Scale Barding Armor
40:24 Imperial Age
39:11 Town Watch
40:03 Wheelbarrow
40:30 Gold Shaft Mining
39:49 Stone Mining
40:24 Chain Barding Armor
40:22 Husbandry
40:35 Cavalier
41:19 Husbandry
42:30 Blast Furnace
42:06 Plate Barding Armor
40:57 Man-at-Arms
42:25 Conscription
Connection lost

Rejoining the realm…

Still unreachable

The connection could not be restored.

Session expired

The server has moved on; the page needs a fresh start.